 Dungeon Crawl Stone Soup version 0.30-a0-618-gd6c86c23d0 (webtiles) character file.

Game seed: 13191390866991255310

336 Leeroy the Slasher (level 6, 0/39 HPs)
             Began as an Octopode Reaver on Jan 9, 2023.
             Slain by a kobold brigand
             ... wielding a +0 whip
              (8 damage)
             ... in a sewer.
             The game lasted 00:03:25 (2325 turns).

Leeroy the Slasher (Octopode Reaver)                Turns: 2325, Time: 00:03:25

Health: 0/39       AC:  1    Str: 12    XL:     6   Next: 54%
Magic:  9/9        EV: 13    Int: 15    God:
Gold:   107        SH:  0    Dex: 12    Spells: 8/9 levels left

rFire   . . .      SeeInvis .    a - +0 falchion
rCold   + . .      Faith    .    (no shield)
rNeg    . . .      Spirit   .    (helmet restricted)
rPois   .          Reflect  .    (no amulet)
rElec   .          Harm     .    b - ring of protection from cold
rCorr   .          Rampage  .    (no ring)
Will    .....                    (no ring)
Stlth   +++                      (no ring)
HPRegen 0.26/turn                (no ring)
MPRegen 0.11/turn                (no ring)
                                 (no ring)
                                 (no ring)

@: no status effects
A: almost no armour, amphibious, 8 rings, camouflage 1, gelatinous body 1,
nimble swimmer 1, tentacles
a: no special abilities


You were in a sewer.
You visited 1 branch of the dungeon, and saw 3 of its levels.
You also visited: Sewer.

You collected 107 gold pieces.

Inventory:

Hand Weapons
 a - a +0 falchion (weapon)
Jewellery
 b - a ring of protection from cold (left tentacle)
 l - an amulet of regeneration
Scrolls
 f - 3 scrolls of teleportation {unknown}
 g - 2 scrolls of blinking {unknown}
 j - a scroll of fear {unknown}
 m - a scroll of identify {unknown}
Potions
 c - a potion of haste
 i - a potion of berserk rage {unknown}
 k - a potion of mutation {unknown}


   Skills:
 - Level 2.0 Fighting
 + Level 7.1 Long Blades
 + Level 2.0 Dodging
 - Level 2.0 Spellcasting
 - Level 3.0 Conjurations


You had 8 spell levels left.
You knew the following spells:

 Your Spells              Type           Power      Damage    Failure   Level
a - Kiss of Death         Conj/Necr      24%        2d7       12%         1

Your spell library contained the following spells:

 Spells                   Type           Power      Damage    Failure   Level
 Momentum Strike          Conj/Tloc      12%        3d8       19%         2
 Hailstorm                Conj/Ice       6%         3d4       34%         3
 Inner Flame              Hex/Fire       1%         N/A       54%         3
 Cause Fear               Hex            0%         N/A       91%         4
 Leda's Liquefaction      Hex/Erth       0%         N/A       91%         4
 Lee's Rapid Deconstruct  Erth           0%         3d4*      99%         5
 Statue Form              Tmut/Erth      0%         N/A       100%        6
 Discord                  Hex            0%         N/A       100%        8


Dungeon Overview and Level Annotations

Branches:
Dungeon (3/15)              Sewer (1/1)

Altars:


Innate Abilities, Weirdness & Mutations

You cannot wear most types of armour.
You are amphibious.
You can wear up to eight rings at the same time.
Your skin changes colour to match your surroundings (Stealth+).
Your rubbery body absorbs attacks. (AC +1, EV +1)
You are camouflaged when in or above water. (Stealth+)
You have tentacles for arms and can constrict up to eight enemies at once.


Message History

Okay, then.
Okay, then.
You feel sick.
You hit the kobold. You grab the kobold. You squeeze the kobold.
You kill the kobold!
You hear a splash.
You feel sick.
You feel sick.
The kobold brigand hits you with a +0 whip!
* * * LOW HITPOINT WARNING * * *
You hit the kobold brigand. Your grab misses the kobold brigand.
The kobold brigand is moderately wounded.
You feel sick.
The kobold brigand hits you with a +0 whip.
* * * LOW HITPOINT WARNING * * *
It was a potion of ambrosia.
You are confused.
You feel invigorated.
You feel sick.
You hit the kobold brigand.
The kobold brigand is heavily wounded.
You feel yourself slow down.
You feel sick.
The kobold brigand hits you with a +0 whip.
* * * LOW HITPOINT WARNING * * *
You feel sick.
You see here a jackal corpse.
You're too confused to move!
You feel sick.
The kobold brigand throws a poisoned dart.
The poisoned dart closely misses you.
You feel sick.
You feel less invigorated.
You feel less confused.
You feel sick.
You are no longer poisoned.
The kobold brigand hits you with a +0 whip!
* * * LOW HITPOINT WARNING * * *
You hit the kobold brigand. Your grab misses the kobold brigand.
The kobold brigand is severely wounded.
The kobold brigand hits you with a +0 whip!
You die...

### #∩# ############
###.###.~~..~~...# ##
#####.......~~.~~~~~.# ..#.#
≈≈≈~~~~~~~~~~~~†≈≈≈(~#.....#
≈≈≈≈≈≈≈≈≈≈≈≈≈≈≈≈@≈≈~†.()...#
≈≈≈≈~~~~≈~~~~~~K≈≈≈~~#.....#
#####...~.~.~~.~))~.~# .~..#
#######~~.~.~~.~.# ≈~.#
##~######### .## #~# # #~#
#~# #~#


You could see a kobold brigand.

Vanquished Creatures
  Sigmund (D:2)
  A kobold brigand (Sewer)
  Terence (D:3)
  2 river rats
  A worm (D:2)
  3 dart slugs
  An orc (D:3)
  7 ball pythons
  6 endoplasms
  A giant cockroach (D:3)
  5 goblins
  3 hobgoblins
  6 jackals
  A quokka (D:1)
  A bat (D:3)
  A frilled lizard (D:1)
  9 kobolds
  18 rats
68 creatures vanquished.

Notes
Turn   | Place    | Note
-------+----------+-------------------------------------------
     0 | D:1      | Leeroy the Octopode Reaver began the quest for the Orb.
     0 | D:1      | Reached XP level 1. HP: 14/14 MP: 3/3
   151 | D:1      | Reached XP level 2. HP: 19/19 MP: 5/5
   384 | D:1      | Reached skill level 4 in Long Blades
   604 | D:1      | Reached XP level 3. HP: 21/24 MP: 6/6
   932 | D:2      | Noticed Sigmund
   939 | D:2      | Killed Sigmund
   940 | D:2      | Reached skill level 6 in Long Blades
   940 | D:2      | Reached XP level 4. HP: 10/29 MP: 7/7
   940 | D:2      | Reached XP level 5. HP: 12/34 MP: 8/8
  1862 | D:3      | Noticed Terence
  1873 | D:3      | Killed Terence
  1909 | D:3      | Reached XP level 6. HP: 39/39 MP: 9/9
  2052 | D:3      | Found a glowing drain.
  2181 | Sewer    | Entered a sewer
  2277 | Sewer    | Reached skill level 7 in Long Blades
  2325 | Sewer    | Slain by a kobold brigand

Illustrated notes

Levels and vault maps discovered:
D:1:      dpeg_arrival_rooms_c, layout_basic
D:2:      layout_basic, uniq_sigmund
D:3:      layout_basic, portal_sewer_entry_b, uniq_terence
Sewer:    sewer_kobolds

Skill      XL: |  1  2  3  4  5  6 |
---------------+-------------------+-----
Long Blades    | 4 6 7 |  7.1
Fighting       | |  2.0
Dodging        | |  2.0
Spellcasting   | |  2.0
Conjurations   | |  3.0

Action                   |  1- 3 |  4- 6 || total
-------------------------+-------+-------++-------
Melee: Falchion          |    56 |    84 ||   140
       Tentacles         |    11 |    18 ||    29
       Constrict         |    14 |    25 ||    39
       Punch             |       |     3 ||     3
Throw: Dart              |       |     2 ||     2
  Use: Potion            |       |     5 ||     5
 Stab: Sleeping          |     9 |     6 ||    15
       Distracted        |       |     1 ||     1
Armor: Skin              |     3 |     6 ||     9
Dodge: Dodged            |    24 |    48 ||    72

Table legend: (Time is in decaauts)
 A = Elapsed time spent in this place.
 B = Non-inter-level travel time spent in this place.
 C = Inter-level travel time spent in this place.
 D = Time resting spent in this place.
 E = Time spent auto-exploring this place.
 F = Levels seen in this place.
 G = Mean time per level.
                   A        B        C        D        E       F      G
               +--------+--------+--------+--------+--------+-----+--------+
         Total |   2311 |   2252 |     59 |    107 |   1750 |   4 |  577.8 |
       Dungeon |   2185 |   2126 |     59 |    107 |   1695 |   3 |  728.3 |
         Sewer |    126 |    126 |      0 |      0 |     55 |   1 |  126.0 |
               +--------+--------+--------+--------+--------+-----+--------+

Top non-repeatable levels by time:
     D:2: 1090 daAuts
     D:1: 700 daAuts
     D:3: 394 daAuts
   Sewer: 126 daAuts
